 Dungeon Crawl Stone Soup version 0.11.3 (console) character file.

1048 ShEePsToOtH the Grappler (level 7, -6/68 HPs)
             Began as a Troll Berserker on Aug 22, 2013.
             Was a Priest of Trog.
             Mangled by an ogre
             ... wielding a +0,+0 giant club
              (28 damage)
             ... on Level 5 of the Dungeon.
             The game lasted 00:11:27 (3075 turns).

ShEePsToOtH the Grappler (Troll Berserker)          Turns: 3075, Time: 00:11:27

HP  -6/68        AC  5     Str 27      XL: 7   Next: 61%
MP   2/2         EV 10     Int  4      God: Trog [***...]
Gold 185         SH  0     Dex  9      Spells:  0 memorised,  6 levels left

Res.Fire  : . . .   See Invis. : +     - Unarmed
Res.Cold  : + . .   Warding    : .   b - +0 animal skin
Life Prot.: . . .   Conserve   : .   (shield restricted)
Res.Poison: .       Res.Corr.  : .   (helmet restricted)
Res.Elec. : .       Clarity    : +   (no cloak)
Sust.Abil.: . .     Spirit.Shd : .   (gloves unavailable)
Res.Mut.  : .       Rnd.Telep. : +   (boots unavailable)
Res.Rott. : .       Ctrl.Telep.: .   i - amulet of clarity
Gourmand  : +       Levitation : .   s - ring of protection from cold Ctrl.Flight: .
                                     n - ring of see invisible

@: slightly resistant to hostile enchantments, unstealthy
A: unfitting armour, claws 3, fast metabolism 3, gourmand, regeneration 2,
saprovore 2, teleportitis 1, tough skin 2, AC +1
a: Burn Spellbooks, Berserk, Trog's Hand, Renounce Religion


You were on level 5 of the Dungeon.
You worshipped Trog.
Trog was greatly pleased with you.
You were not hungry.

You visited 1 branch of the dungeon, and saw 5 of its levels.

You collected 165 gold pieces.

Inventory:

Armour
 b - a +0 animal skin (worn)
Magical devices
 u - a wand of polymorph other (8)
Comestibles
 a - a meat ration
 x - a choko
Scrolls
 d - a scroll of enchant weapon II {unknown}
 e - a scroll of random uselessness {unknown}
 g - 4 scrolls of remove curse {unknown}
 j - a scroll of teleportation {unknown}
 k - a scroll of recharging {unknown}
 l - a scroll of fear {unknown}
 m - 5 scrolls of identify
 p - a scroll of curse weapon {unknown}
 q - 2 scrolls of noise {unknown}
 v - a scroll of blinking {unknown}
 w - a scroll of curse jewellery {unknown}
 y - a scroll of amnesia {unknown}
Jewellery
 i - an amulet of clarity (around neck)
 n - a ring of see invisible (left claw)
 s - a ring of protection from cold (right claw)
Potions
 c - a potion of invisibility {unknown}
 f - a potion of degeneration {unknown}
 h - a potion of heal wounds {unknown}
 o - a potion of confusion {unknown}
 r - a potion of levitation {unknown}
 t - 2 potions of curing {unknown}
 z - a potion of agility {unknown}


   Skills:
 - Level 2.4 Fighting
 - Level 2.6 Dodging
 + Level 1.2 Stealth
 + Level 0.3 Stabbing
 + Level 1.0 Traps & Doors
 * Level 8.5 Unarmed Combat


You had 6 spell levels left.
You didn't know any spells.

Dungeon Overview and Level Annotations

Branches:
Dungeon (5/27)
 Temple: D:4-7

Altars:
Cheibriados
Fedhas
Makhleb
Sif Muna
Yredelemnul


Innate Abilities, Weirdness & Mutations

You are too large for most types of armour.
You have claws for hands.
Your metabolism is lightning-fast.
You like to eat raw meat.
You heal very quickly.
You can eat rotten meat.
You are covered in fur (AC +1).
You have very tough skin (AC +2).
Space occasionally distorts in your vicinity.


Message History

Found a throwing net.
An ogre comes into view. It is wielding a giant club.
The ogre shouts!
Found a dwarven hand axe.
The ogre hits you with a giant club!
You claw the ogre!
The ogre begins to bleed from its wounds!
The ogre is moderately wounded.
You hit the ogre.
The ogre is heavily wounded.
The ogre hits you but does no damage.
You closely miss the ogre. Your punch misses the ogre.
The ogre is heavily wounded.
The ogre hits you with a giant club!
You barely miss the ogre.
The ogre is heavily wounded.
You claw the ogre!
The ogre is almost dead.
The ogre hits you with a giant club!
You die...

.#.#### #.#.......#
#.#########. ###............
...............
#............. ##.........)#
#........(..####.. .
#......@O...#...... ...
#......######....... ...
#......#....#...........
##.....#....#...........
.###......................
........#...#....##.....#....
....##................##....
..# #####[......#....##.... #
####......._.............


You could see an ogre (bleeding).

Vanquished Creatures
  Grinder (D:4)
  A human skeleton (D:3)
  Eustachio (D:5)
  An ogre (D:4)
  Sigmund (D:4)
  An orc wizard (D:5)
  A worker ant (D:5)
  A human (D:3)
  2 adders
  2 worms (D:5)
  An ufetubus (D:5)
  5 giant geckos
  4 orcs (D:5)
  7 giant cockroaches
  8 goblins
  6 hobgoblins
  A quokka (D:5)
  8 bats
  6 giant newts
  6 kobolds
  A kobold skeleton (D:3)
  12 rats
77 creatures vanquished.

Notes
Turn   | Place    | Note
--------------------------------------------------------------
     0 | D:1      | ShEePsToOtH, the Troll Berserker, began the quest for the Orb.
     0 | D:1      | Reached XP level 1. HP: 23/23 MP: 0/0
   498 | D:1      | Reached XP level 2. HP: 31/31 MP: 0/0
   690 | D:2      | Acquired Trog's second power
   790 | D:2      | Reached skill level 4 in Unarmed Combat
   938 | D:2      | Reached XP level 3. HP: 32/37 MP: 1/1
  1235 | D:3      | Found a deep blue altar of Sif Muna.
  1241 | D:3      | Found a blossoming altar of Fedhas.
  1277 | D:3      | Noticed a human skeleton
  1280 | D:3      | Found a basalt altar of Yredelemnul.
  1289 | D:3      | Killed a human skeleton
  1289 | D:3      | Reached skill level 5 in Unarmed Combat
  1289 | D:3      | Reached XP level 4. HP: 37/46 MP: 1/1
  1289 | D:3      | Reached XP level 5. HP: 42/53 MP: 1/1
  1303 | D:3      | Reached skill level 6 in Unarmed Combat
  1934 | D:4      | Noticed Grinder
  1941 | D:4      | Gained mutation: Space occasionally distorts in your vicinity. [Grinder/wand of polymorph other]
  1946 | D:4      | Killed Grinder
  1946 | D:4      | Reached skill level 1 in Traps & Doors
  1946 | D:4      | Reached skill level 7 in Unarmed Combat
  1946 | D:4      | Reached XP level 6. HP: 61/61 MP: 2/2
  2238 | D:4      | Found a snail-covered altar of Cheibriados.
  2304 | D:4      | Noticed Sigmund
  2315 | D:4      | Killed Sigmund
  2315 | D:4      | Reached skill level 1 in Stealth
  2315 | D:4      | Reached XP level 7. HP: 52/68 MP: 2/2
  2400 | D:4      | Noticed an ogre
  2411 | D:4      | Killed an ogre
  2830 | D:5      | Entered Level 5 of the Dungeon
  2961 | D:5      | Found a burning altar of Makhleb.
  2964 | D:5      | Noticed Eustachio
  2983 | D:5      | Killed Eustachio
  2983 | D:5      | Reached skill level 8 in Unarmed Combat
  3075 | D:5      | Mangled by an ogre
